 Dungeon Crawl Stone Soup version 0.26-a0-962-g9b92081034 (webtiles) character file.

Game seed: 12500807599760014908

25 Gargoyl the Skirmisher (level 3, -2/35 HPs)
             Began as a Gnoll Abyssal Knight on Dec 2, 2020.
             Was a Follower of Lugonu.
             Slain by Sigmund
             ... wielding a +2 scythe of venom
              (7 damage)
             ... on level 2 of the Dungeon.
             The game lasted 00:01:09 (937 turns).

Gargoyl the Skirmisher (Gnoll Abyssal Knight)        Turns: 937, Time: 00:01:10

Health: -2/35      AC:  6    Str: 14 (15) XL:     3   Next: 4%
Magic:  6/6        EV: 11    Int: 11 (14) God:    Lugonu [*.....]
Gold:   46         SH:  0    Dex: 11 (14) Spells: 3/3 levels left

rFire    . . .     SeeInvis .   a - +2 hand axe
rCold    . . .     Faith    .   (no shield)
rNeg     . . .     Spirit   .   c - +0 ring mail
rPois    .         Reflect  .   (no helmet)
rElec    .         Harm     .   (no cloak)
rCorr    .         Rampage  .   (no gloves)
MR       .....                  (no boots)
Stlth    +.........             (no amulet)
HPRegen  0.11/turn              (no ring)
MPRegen  0.10/turn              (no ring)

@: lethally poisoned (-2 -> -13)
A: distributed training, fangs 1, strong nose
a: Depart the Abyss, Renounce Religion


You were on level 2 of the Dungeon.
You worshipped Lugonu.
Lugonu was aware of your devotion.
You visited 1 branch of the dungeon, and saw 2 of its levels.
You visited the Abyss 1 time.

You collected 46 gold pieces.

Inventory:

Hand Weapons
 a - a +2 hand axe (weapon)
Missiles
 e - 15 poisoned darts
Armour
 c - a +0 ring mail (worn)
Jewellery
 b - an uncursed ring of fire {unknown}
Scrolls
 f - a scroll of immolation {unknown}
 g - a scroll of blinking {unknown}


   Skills:
 + Level 6.5 Fighting
 + Level 0.5 Short Blades
 + Level 0.5 Long Blades
 + Level 4.5 Axes
 + Level 0.5 Maces & Flails
 + Level 0.5 Polearms
 + Level 0.5 Staves
 + Level 0.5 Slings
 + Level 0.5 Bows
 + Level 0.5 Crossbows
 + Level 0.5 Throwing
 + Level 4.5 Armour
 + Level 2.5 Dodging
 + Level 0.5 Stealth
 + Level 0.5 Shields
 + Level 0.5 Unarmed Combat
 + Level 0.5 Spellcasting
 + Level 0.4 Conjurations
 + Level 0.4 Hexes
 + Level 0.4 Summonings
 + Level 0.4 Necromancy
 + Level 0.4 Translocations
 + Level 0.4 Transmutations
 + Level 0.4 Fire Magic
 + Level 0.4 Ice Magic
 + Level 0.4 Air Magic
 + Level 0.4 Earth Magic
 + Level 0.4 Poison Magic
 + Level 4.5 Invocations
 + Level 0.5 Evocations


You had 3 spell levels left.
You didn't know any spells.
Your spell library was empty.

Dungeon Overview and Level Annotations

Branches:
Dungeon (2/15)

Altars:

Annotations:
D:2 Sigmund


Innate Abilities, Weirdness & Mutations

Your experience applies equally to all skills.
You have very sharp teeth.
Your uncanny sense of smell can sniff out nearby items.


Message History

You feel sick. Sigmund barely misses you.
Unknown command.
You bump into the rock wall.
* * * LOW HITPOINT WARNING * * *
You feel sick. The rat closely misses you. Sigmund barely misses you.
Unknown command.
You barely miss Sigmund.
Sigmund is severely wounded.
You hit the rat.
You kill the rat!
Lugonu accepts your kill.
* * * LOW HITPOINT WARNING * * *
You feel sick.
You closely miss Sigmund.
Sigmund is severely wounded.
You feel less confused.
* * * LOW HITPOINT WARNING * * *
You feel sick.
Sigmund hits you with a +2 scythe of venom!
You die...

#
#########.###..
#.....@@†......
##.######......
####.


You could see Sigmund.

Vanquished Creatures
  A ball python (D:1)
  A giant cockroach (D:1)
  2 goblins (D:1)
  5 hobgoblins (D:1)
  2 jackals (D:1)
  2 kobolds (D:1)
  3 bats (D:1)
  A frilled lizard (D:1)
  6 rats
23 creatures vanquished.

Notes
Turn   | Place    | Note
-------+----------+-------------------------------------------
     0 | Abyss:1  | Gargoyl the Gnoll Abyssal Knight began the quest for the
                  | Orb.
     0 | Abyss:1  | Reached XP level 1. HP: 23/23 MP: 3/3
    68 | Abyss:1  | Noticed a smoke demon
    69 | D:1      | Escaped the Abyss
   190 | D:1      | Reached * piety under Lugonu
   193 | D:1      | Reached XP level 2. HP: 23/29 MP: 5/5
   626 | D:1      | Reached XP level 3. HP: 33/35 MP: 6/6
   921 | D:2      | Noticed Sigmund
   937 | D:2      | Slain by Sigmund

Illustrated notes

Levels and vault maps discovered:
D:1:      lemuel_arrival_broad_hall, layout_loops_ring, minmay_hedge_maze
D:2:      layout_basic, st_stairs_9, palyth_stone_intersect, uniq_sigmund

Action                   || total
-------------------------++-------
Melee: Hand axe          ||    57
       Bite              ||     5
Invok: Depart the Abyss  ||     1
  Use: Scroll            ||     1
       Potion            ||     2
Armor: Ring mail         ||    28
Dodge: Dodged            ||    47

Table legend: (Time is in decaauts)
 A = Elapsed time spent in this place.
 B = Non-inter-level travel time spent in this place.
 C = Inter-level travel time spent in this place.
 D = Time resting spent in this place.
 E = Time spent auto-exploring this place.
 F = Levels seen in this place.
 G = Mean time per level.
                   A        B        C        D        E       F      G
               +--------+--------+--------+--------+--------+-----+--------+
         Total |    940 |    922 |     18 |      0 |    692 |   3 |  313.3 |
       Dungeon |    871 |    853 |     18 |      0 |    626 |   2 |  435.5 |
         Abyss |     69 |     69 |      0 |      0 |     66 |   1 |   69.0 |
               +--------+--------+--------+--------+--------+-----+--------+

Top non-repeatable levels by time:
     D:1: 854 daAuts
 Abyss:1: 69 daAuts
     D:2: 16 daAuts
